 Dungeon Crawl Stone Soup version 0.20-a0-435-ga4f17a0 (webtiles) character file.

588 JeffiDaFish the Firebug (level 7, -13/48 HPs)
             Began as a Human Fire Elementalist on Mar 25, 2017.
             Mangled by Menkaure (19 damage)
             ... on level 5 of the Dungeon.
             The game lasted 00:12:31 (4146 turns).

JeffiDaFish the Firebug (Human Fire Elementalist)   Turns: 4146, Time: 00:12:32

Health: -13/48     AC: 11    Str:  8      XL:     7   Next: 65%
Magic:  6/12       EV: 10    Int: 14 (15) God:
Gold:   72         SH:  4    Dex: 14 (16) Spells: 6/13 levels left

rFire  . . .     SeeInvis .     e - +1 spear
rCold  . . .     Gourm    .     f - +0 ring mail
rNeg   . . .     Faith    .     o - +0 buckler
rPois  .         Spirit   .     (no helmet)
rElec  .         Reflect  .     l - +0 cloak
rCorr  .         Harm     .     g - +0 pair of gloves
MR     .....                    i - +2 pair of boots
Stlth  +.........               d - amulet of regeneration
                                (no ring)
                                (no ring)

@: very slightly contaminated
A: no striking features
a: no special abilities


You were on level 5 of the Dungeon.
You were very hungry.

You visited 1 branch of the dungeon, and saw 5 of its levels.

You collected 162 gold pieces.
You spent 90 gold pieces at shops.

Inventory:

Hand Weapons
 e - a +1 spear (weapon)
Armour
 f - a +0 ring mail (worn)
 g - a +0 pair of gloves (worn)
 i - a +2 pair of boots (worn)
 l - a +0 cloak (worn)
 o - a +0 buckler (worn)
Jewellery
 d - an amulet of regeneration (around neck)
Scrolls
 h - 5 scrolls of identify
 n - a scroll of magic mapping
 p - a scroll of remove curse
Potions
 j - 3 potions of flight
 m - a potion of agility
Books
 b - a book of Flames

   Spells                             Type                      Level
   a - Flame Tongue                   Conjuration/Fire             1
   b - Throw Flame                    Conjuration/Fire             2
   c - Conjure Flame                  Conjuration/Fire             3
   d - Inner Flame                    Hexes/Fire                   3
   e - Sticky Flame                   Conjuration/Fire             4
   f - Fireball                       Conjuration/Fire             5
Comestibles
 a - a slice of pizza
 c - 5 bread rations
 k - a beef jerky


   Skills:
 + Level 1.4 Fighting
 + Level 1.6 Polearms
 * Level 3.4 Armour
 - Level 2.2 Dodging
 - Level 2.2 Stealth
 * Level 0.8 Shields
 * Level 3.6 Spellcasting
 + Level 2.2 Conjurations
 * Level 5.1 Fire Magic


You had 6 spell levels left.
You knew the following spells:

 Your Spells              Type           Power        Failure   Level  Hunger
a - Flame Tongue          Conj/Fire      ##...        21%         1    None
b - Throw Flame           Conj/Fire      ##....       30%         2    ##.....
c - Sticky Flame          Conj/Fire      ##......     99%         4    ####...


Dungeon Overview and Level Annotations

Branches:
Dungeon (5/15)
 Temple: D:4-7

Altars:
Trog

Shops:
D:4 [}%[[

Annotations:
D:4 Satan6666666's ghost, amateur MiFi
D:5 Menkaure


Message History

Menkaure is heavily damaged.
Menkaure barely misses you. The adder bites you but does no damage.
Menkaure mumbles in an indecipherable tongue.
Menkaure closely misses you.
You hit Menkaure.
Menkaure is severely damaged.
The adder bites you but does no damage.
Menkaure calls on the powers of darkness!
Your body is wracked with pain!
* * * LOW HITPOINT WARNING * * *
The adder barely misses you.
You hit Menkaure.
Menkaure is severely damaged.
The adder closely misses you.
Menkaure shouts, "Why can't you leave me to my rest?"
Menkaure mumbles some strange words.
You hit the adder.
The adder is almost dead.
The adder closely misses you. Menkaure hits you!!
You die...

#......# #.......##.
##......###...#..###.
#........##..........
#................####
#................#
#................####
#....................
#....................
#...@....###.#.######
#...SM...# .#.#
#........# .. .
#........# #........#
#.......... .
########.... .. ....


You could see Menkaure and an adder.

Vanquished Creatures
  A sky beast (D:5)
  A phantom (D:4)
  An ogre (D:4)
  A centaur zombie (D:5)
  An orc priest (D:4)
  Ijyb (D:2)
  3 orc wizards (D:4)
  A hound skeleton (D:5)
  3 gnolls (D:4)
  5 adders
  2 oozes
  3 worms
  3 dart slugs
  A leopard gecko (D:3)
  10 orcs
  8 bats
  5 giant cockroaches
  3 goblins
  5 hobgoblins
  3 jackals (D:1)
  6 kobolds
  2 quokkas (D:3)
  4 frilled lizards
  A quokka skeleton (D:4)
  A quokka zombie (D:5)
  3 rats
78 creatures vanquished.

Notes
Turn   | Place    | Note
-------+----------+-------------------------------------------
     0 | D:1      | JeffiDaFish the Human Fire Elementalist began the quest for the Orb.
     0 | D:1      | Reached XP level 1. HP: 13/13 MP: 3/3
   132 | D:1      | Reached XP level 2. HP: 18/19 MP: 0/5
   171 | D:1      | a bezotted bat gained the power of zot.
   408 | D:1      | Reached XP level 3. HP: 24/24 MP: 2/6
   665 | D:2      | Learned a level 2 spell: Throw Flame
  1306 | D:2      | Noticed Ijyb
  1333 | D:2      | Killed Ijyb
  1333 | D:2      | Reached XP level 4. HP: 31/31 MP: 0/7
  1396 | D:2      | Reached skill level 1 in Armour
  1849 | D:3      | Reached skill level 4 in Fire Magic
  2064 | D:3      | Reached XP level 5. HP: 36/36 MP: 7/9
  2357 | D:3      | Found a bloodstained altar of Trog.
  2607 | D:4      | Found Cos Maba's Antique Armour Emporium.
  2829 | D:4      | Found Zotunkitz's Gadget Emporium.
  2856 | D:4      | Noticed a phantom
  2995 | D:4      | Killed a phantom
  2995 | D:4      | Reached skill level 1 in Fighting
  2995 | D:4      | Reached XP level 6. HP: 34/43 MP: 1/10
  3083 | D:4      | Found Zuw Curch's Antique Armour Boutique.
  3132 | D:4      | Reached skill level 1 in Polearms
  3146 | D:4      | Noticed an ogre
  3155 | D:4      | Killed an ogre
  3325 | D:4      | Reached XP level 7. HP: 44/48 MP: 11/11
  3388 | D:4      | HP: 2/48 [gnoll/halberd (4)]
  3390 | D:4      | Found Buptogosk's Food Emporium.
  3569 | D:4      | Learned a level 4 spell: Sticky Flame
  3600 | D:4      | Found Mazxirgha's Armour Shoppe.
  3608 | D:4      | Bought a +0 pair of gloves for 45 gold pieces
  3608 | D:4      | Bought a +0 buckler for 45 gold pieces
  3675 | D:4      | Noticed Satan6666666's ghost (amateur MiFi)
  3689 | D:5      | Entered Level 5 of the Dungeon
  3842 | D:5      | Reached skill level 5 in Fire Magic
  4130 | D:5      | Noticed Menkaure
  4146 | D:5      | Mangled by Menkaure

Vault maps used:
D:1:      dpeg_arrival_tiny_c
D:2:      uniq_iyjb
D:3:      trog_butcher_becter
D:4:      serial_shops, kennysheep_mini, shop, nicolae_shop_crystal,
          kennysheep_little_box, shop, first_bread, uniq_crazy_yiuf_cottage
D:5:      uniq_menkaure

Skill      XL: |  1  2  3  4  5  6  7 |
---------------+----------------------+-----
Armour         | 1 2 3 |  3.4
Fire Magic     | 4 5 |  5.1
Fighting       | 1 |  1.4
Spellcasting   | 3 |  3.6
Polearms       | 1 |  1.6
Conjurations   | 2 |  2.2
Dodging        | |  2.2
Stealth        | |  2.2
Shields        | |  0.8

Action                   |  1- 3 |  4- 6 |  7- 9 || total
-------------------------+-------+-------+-------++-------
Melee: Unarmed           |    55 |       |       ||    55
       Spear             |    34 |   179 |   114 ||   327
 Cast: Flame Tongue      |    35 |    44 |    22 ||   101
       Throw Flame       |     2 |     6 |     3 ||    11
  Use: Potion            |     4 |     4 |     2 ||    10
       Scroll            |     3 |     6 |     3 ||    12
 Stab: Sleeping          |       |     5 |       ||     5
  Eat: Chunk             |     2 |     8 |     2 ||    12
Armor: Robe              |    20 |       |       ||    20
       Ring mail         |     8 |    85 |    71 ||   164
Dodge: Dodged            |    96 |    65 |    75 ||   236
Block: Buckler           |       |       |    10 ||    10
